 Dungeon Crawl Stone Soup version 0.30-a0-799-g109b55a442 (webtiles) character file.

Game seed: 4058422364288824002

14 Mickster the Vexing (level 2, -1/21 HPs)
             Began as a Vampire Wanderer on Feb 20, 2023.
             Slain by a gnoll
             ... wielding a +0 club
              (5 damage)
             ... on level 1 of the Dungeon.
             The game lasted 00:06:22 (332 turns).

Mickster the Vexing (Vampire Wanderer)               Turns: 332, Time: 00:06:23

Health: -1/21      AC:  0    Str: 10    XL:     2   Next: 27%
Magic:  5/5        EV: 10    Int: 12    God:
Gold:   44         SH:  4    Dex: 16    Spells: 4/5 levels left

rFire   . . .      SeeInvis +    g - +0 mace
rCold   . . .      Faith    .    b - +0 buckler
rNeg    . . .      Spirit   .    (no body armour)
rPois   .          Reflect  .    (no helmet)
rElec   .          Harm     .    (no cloak)
rCorr   .          Rampage  .    (no gloves)
Will    .....                    (no boots)
Stlth   +                        (no amulet)
HPRegen 0.43/turn                (no ring)
MPRegen 0.09/turn                (no ring)

@: healing quickly
A: alive, fangs 3, see invisible, vampiric 1
a: Exsanguinate


You were on level 1 of the Dungeon.
You visited 1 branch of the dungeon, and saw 1 of its levels.

You collected 44 gold pieces.

Inventory:

Hand Weapons
 a - a +0 dagger
 e - a +0 sling
 f - a +0 whip
 g - a +0 mace (weapon)
 h - a +0 club
Armour
 b - a +0 buckler (worn)
 c - a +0 robe
 i - a +0 leather armour
Potions
 d - 2 potions of curing


   Skills:
 + Level 1.1 Fighting
 + Level 0.1 Ranged Weapons
 + Level 2.7 Armour
 + Level 2.0 Shields
 + Level 2.1 Spellcasting
 + Level 3.0 Hexes


You had 4 spell levels left.
You knew the following spells:

 Your Spells              Type           Power      Damage    Failure   Level
a - Slow                  Hex            32%        N/A       10%         1

Your spell library contained the following spells:

 Spells                   Type           Power      Damage    Failure   Level
 Blink                    Tloc           2%         N/A       47%         2
 Lesser Beckoning         Tloc           2%         N/A       47%         2
 Momentum Strike          Conj/Tloc      2%         3d8       47%         2
 Portal Projectile        Hex/Tloc       10%        N/A       50%         3
 Summon Guardian Golem    Hex/Summ       5%         N/A       50%         3


Dungeon Overview and Level Annotations

Branches:
Dungeon (1/15)

Altars:


Innate Abilities, Weirdness & Mutations

Your natural rate of healing is accelerated.
You have razor-sharp teeth.
You have supernaturally acute eyesight. (SInv)
You are afflicted with vampirism.


Message History

The ball python barely misses you. The ball python constricts you.
You hit the ball python.
You kill the ball python!
Found a leather armour.
Found a potion of curing.
You see here a +0 short sword.
An endoplasm comes into view.
The endoplasm quivers.
You see here a +0 leather armour.
i - a +0 leather armour You start removing your armour.
You continue taking off your +0 robe. x4
The endoplasm closely misses you.
You finish taking off your +0 robe.
The gnoll shouts!
The endoplasm barely misses you.
You completely miss the endoplasm. The endoplasm hits you.
The endoplasm closely misses you.
You hit the endoplasm.
The endoplasm is moderately wounded.
The endoplasm hits you.
You hit the endoplasm.
You kill the endoplasm!
You block the gnoll's attack. The gnoll hits you with a +0 club!
You block the gnoll's attack. The gnoll closely misses you.
You hit the gnoll.
The gnoll is moderately wounded.
The gnoll barely misses you.
You closely miss the gnoll.
The gnoll is moderately wounded.
You block the gnoll's attack. The gnoll hits you with a +0 club.
You closely miss the gnoll.
The gnoll is moderately wounded.
You block the gnoll's attack.
You hit the gnoll. You bite the gnoll.
The gnoll is severely wounded.
The gnoll hits you with a +0 club!
* * * LOW HITPOINT WARNING * * *
The gnoll hits you with a +0 club.
You die...

.......##~##........###,,,,,,,,*,
.......P#~#P........###.,,,,,,,,*
........P.P.............,,,,,,,,,
'#......................,,,,,,,,,
........................,,,,,,,,,
.....)..................,,,,,,,,,
........#........!......,,,,,,,,,
........+...............,,,,,,,**
....#...#.......@.......,,,,,,,**
....+...#...)...g.......*********
....#...#....#..........* *
....#####....#..........* * ....#
#....###########* * ....# ######
* ***** * *


You could see a gnoll.

Vanquished Creatures
  A bat (D:1)
  An endoplasm (D:1)
  A goblin (D:1)
  3 hobgoblins (D:1)
  A kobold (D:1)
  3 ball pythons (D:1)
  A rat (D:1)
11 creatures vanquished.

Notes
Turn   | Place    | Note
-------+----------+-------------------------------------------
     0 | D:1      | Mickster the Vampire Wanderer began the quest for the Orb.
     0 | D:1      | Mickster set off with the following items: a +0 dagger, a
                  | +0 buckler, a +0 robe, 2 potions of curing; and the
                  | following spell memorised: Slow; and the following spells
                  | available to memorise: Portal Projectile, Summon Guardian
                  | Golem.
     0 | D:1      | Reached XP level 1. HP: 15/15 MP: 3/3
   166 | D:1      | Reached XP level 2. HP: 21/21 MP: 5/5
   332 | D:1      | Slain by a gnoll

Illustrated notes

Levels and vault maps discovered:
D:1:      eino_arrival_water_cross, layout_basic, minmay_tromino_v4_a

Skill      XL: |  1 |
---------------+----+-----
Shields        | 2 |  2.0
Fighting       | |  1.1
Ranged Weapons | |  0.1
Armour         | |  2.7
Spellcasting   | |  2.1
Hexes          | |  3.0

Action                     || total
---------------------------++-------
  Melee: Dagger            ||    10
         Bite              ||     3
         Mace              ||    14
   Fire: Sling             ||     8
   Cast: Slow              ||     5
    Use: Scroll            ||     2
         Potion            ||     1
 Armour: Robe              ||     3
  Dodge: Dodged            ||    14
  Block: Buckler           ||     8

Table legend: (Time is in decaauts)
 A = Elapsed time spent in this place.
 B = Non-inter-level travel time spent in this place.
 C = Inter-level travel time spent in this place.
 D = Time resting spent in this place.
 E = Time spent auto-exploring this place.
 F = Levels seen in this place.
 G = Mean time per level.
                   A        B        C        D        E       F      G
               +--------+--------+--------+--------+--------+-----+--------+
         Total |    340 |    340 |      0 |    100 |      0 |   1 |  340.0 |
       Dungeon |    340 |    340 |      0 |    100 |      0 |   1 |  340.0 |
               +--------+--------+--------+--------+--------+-----+--------+

Top non-repeatable levels by time:
     D:1: 340 daAuts
